 Dungeon Crawl Stone Soup version 0.22-a0-305-gd21a89c (webtiles) character file.

44594 Amnesiac the Nimble (level 13, -3/67 HPs)
             Began as a Spriggan Transmuter on Mar 28, 2018.
             Was the Champion of Okawaru.
             Slain by Urug
             ... wielding a +0 demon trident of venom
              (26 damage)
             ... on level 1 of the Orcish Mines.
             The game lasted 00:48:39 (26731 turns).

Amnesiac the Nimble (Spriggan Transmuter)          Turns: 26731, Time: 00:48:40

Health: -3/67      AC:  7    Str: 17    XL:     13   Next: 97%
Magic:  26/30      EV: 37    Int: 15    God:    Okawaru [******]
Gold:   1395       SH:  5    Dex: 17    Spells: 21/36 levels left

rFire    + . .     SeeInvis +     - Unarmed
rCold    x . .     Gourm    .   (shield currently unavailable)
rNeg     + . .     Faith    .   T - +2 robe {rN+}
rPois    +         Spirit   .   Q - +0 hat of Nobility {rF+ rC- rCorr Str+7}
rElec    .         Reflect  +   N - +2 cloak {+Inv}
rCorr    +         Harm     .   (gloves unavailable)
MR       ++...                  (boots unavailable)
Stlth    +++.......             O - +5 amulet of reflection
HPRegen  0.21/turn              E - +4 ring of evasion
MPRegen  0.22/turn              q - ring of poison resistance

@: lethally poisoned (-3 -> -20), blade hands (expiring), heroism, very quick
A: very small, unfitting armour, see invisible, herbivore, speed 3, slow
metabolism 2
a: End Transformation, Heroism, Finesse, Renounce Religion, Evoke Invisibility


You were on level 1 of the Orcish Mines.
You worshipped Okawaru.
Okawaru was exalted by your worship.
You were not hungry.
You had blades for hands.
You visited 4 branches of the dungeon, and saw 20 of its levels.

You collected 1395 gold pieces.

Inventory:

Missiles
 a - 89 arrows
 g - 3 curare-tipped needles
 n - 60 poisoned needles
 I - 4 throwing nets (quivered)
 J - 8 tomahawks of returning
Armour
 N - a +2 cloak of invisibility (worn)
 Q - the +0 hat of Nobility (worn) {rF+ rC- rCorr Str+7}
   (Okawaru gifted it to you on level 6 of the Lair of Beasts)

   It affects your strength (+7).
   It protects you from fire.
   It makes you vulnerable to cold.
   It protects you from acid and corrosion.
 T - a +2 robe of positive energy (worn)
Magical Staves
 D - an uncursed staff of wizardry
Jewellery
 b - an uncursed ring of magical power
 m - an uncursed ring of fire
 o - a +4 ring of strength
 q - a ring of poison resistance (right scythe-like blade)
 E - a +4 ring of evasion (left scythe-like blade)
 O - a +5 amulet of reflection (around neck)
 U - an uncursed ring of protection from cold
Wands
 u - a wand of flame (53)
 z - a wand of digging (14)
 G - a wand of iceblast (23)
 V - a wand of paralysis (18)
 X - a wand of random effects (31)
Scrolls
 i - 6 scrolls of fog {!r}
 j - 6 scrolls of remove curse {!r}
 k - 10 scrolls of teleportation {!r}
 p - 2 scrolls of immolation {!r, unknown}
 r - a scroll of vulnerability {!r, unknown}
 t - a scroll of brand weapon {!r, unknown}
 v - 3 scrolls of magic mapping {!r}
 y - 5 scrolls of fear {!r}
 C - a scroll of blinking {!r}
 F - 3 scrolls of enchant weapon {!r}
 H - 2 scrolls of amnesia {!r}
 K - 2 scrolls of enchant armour {!r}
 R - 2 scrolls of holy word {!r, unknown}
 S - a scroll of summoning {!r, unknown}
Potions
 c - a potion of curing {!q}
 e - 4 potions of agility {!q}
 f - 2 potions of haste {!q}
 h - a potion of resistance {!q}
 l - 5 potions of flight {!q}
 s - 5 potions of ambrosia {!q}
 w - 4 potions of might {!q}
 x - 3 potions of magic {!q}
 A - 4 potions of brilliance {!q}
 B - 2 potions of berserk rage {!q}
 L - 2 potions of heal wounds {!q}
 M - a potion of mutation {!q}
Miscellaneous
 P - a box of beasts
 W - a sack of spiders
Comestibles
 d - 15 rations


   Skills:
 + Level 7.5(12.5) Fighting
 + Level 12.6(17.6) Dodging
 * Level 11.0(16.0) Unarmed Combat
 + Level 12.4 Spellcasting
 - Level 10.0 Transmutations
 - Level 8.0 Invocations
 + Level 10.7 Evocations


You had 21 spell levels left.
You knew the following spells:

 Your Spells              Type           Power        Failure   Level  Hunger
a - Blade Hands           Tmut           #####.....   26%         5    #####..
b - Beastly Appendage     Tmut           #####.       8%          1    None
c - Sticks to Snakes      Tmut           #####...     9%          2    None
d - Apportation           Tloc           #.....       41%         1    None
e - Ice Form              Ice/Tmut       ###.....     45%         4    ###....
f - Animate Skeleton      Necr           N/A          41%         1    None
z - Confusing Touch       Hex            #.....       41%         1    None


Dungeon Overview and Level Annotations

Branches:
Dungeon (12/15)            Temple (1/1) D:7            Lair (6/6) D:10
 Shoals (0/4) Lair:4       Spider (0/4) Lair:2        Slime (0/5) Lair:5
    Orc (1/2) D:12

Altars:
Ashenzari
Cheibriados
Dithmenos
Elyvilon
Fedhas
Gozag
Hepliaklqana
Kikubaaqudgha
Makhleb
Nemelex Xobeh
Okawaru
Qazlal
Ru
Sif Muna
Trog
Uskayaw
Vehumet
Wu Jian
Xom
Yredelemnul
Zin
The Shining One
Jiyva

Shops:
D:4 (   D:10 =   D:12 *

Portals:
Hell: Lair:6

Annotations:
D:10 1 runed door
Lair:1 Fannar
Orc:1 Urug


Innate Abilities, Weirdness & Mutations

You are very small and have problems with some larger weapons.
You are too small for most types of armour.
You have supernaturally acute eyesight. (SInv)
You are a herbivore.
You cover ground extremely quickly.
You need to consume almost no food.


Message History

Level annotation: Urug A gnoll comes into view.
You block the orc's attack. x2; The orc misses you.
The orc completely misses you.
There is a staircase back to the Dungeon here.
You hit the orc.
The orc is heavily wounded.
The orc misses you.
You slice the orc!!
You kill the orc!
Okawaru accepts your kill. The orc completely misses you.
The orc hits you with a hand axe. The orc wizard completely misses you.
You hit the gnoll but do no damage. The gnoll misses you.
The orc completely misses you. x2
The orc wizard casts a spell at you. The puff of frost misses you.
The puff of frost hits the gnoll.
You hit the orc wizard but do no damage.
The gnoll completely misses you. The orc completely misses you.
The orc wizard completely misses you.
You slash the gnoll!
You kill the gnoll!
Okawaru accepts your kill. You block the orc's attack.
You slash the orc wizard!
The orc wizard is severely wounded.
The orc wizard completely misses you. The gnoll completely misses you.
The orc misses you.
You slash the orc wizard!
You kill the orc wizard!
Okawaru accepts your kill.
Your Unarmed Combat skill increases to level 11!
The orc completely misses you. The gnoll completely misses you.
The orc closely misses you.
You slice the gnoll!!
You kill the gnoll!
Okawaru accepts your kill. The orc completely misses you.
Urug hits you with a demon trident of venom!
You are poisoned.
The orc misses you.
Found a stone staircase leading down.
Things that are here:
a club; a throwing net You hit Urug.
Urug is lightly wounded.
Your transformation is almost over.
You feel sick. The orc hits you with a club.
Urug hits you with a demon trident of venom!!
* * * LOW HITPOINT WARNING * * *
You are more poisoned.
The orc barely misses you. The gnoll hits you.
* * * LOW HITPOINT WARNING * * *
You barely miss Urug.
Urug is lightly wounded.
You feel sick. The orc completely misses you.
You closely miss Urug.
Urug is lightly wounded.
You feel sick. You block the orc's attack.
The gnoll hits you but does no damage. Urug misses you.
You gain the combat prowess of a mighty hero.
You feel sick. The orc completely misses you. The gnoll completely misses you.
Urug hits you with a demon trident of venom!!
You die...

..#### ####.###.#
..$#..###.........
........(.........
.....$..[(........
$....#..)).....#
....#.#$[#.(...#
#.....).....##
....#.)(go<.#....#
......[).@o)...$..
........o.........
....$.............
..........#......$
................##
#.........$.....#
.............#...
....>.....#....


You could see Urug, a gnoll and 2 orcs.

Vanquished Creatures
  A dire elephant (Lair:6)
  Josephine (Orc:1)
  A fire dragon (Lair:4)
  3 hydras
  A two-headed ogre (D:11)
  The ghost of Amnesiac the Destroyer, a journeyman DEWz of Sif Muna (D:10)
  Nergalle (Lair:3)
  A sun demon (Lair:6)
  A fire crab (Lair:3)
  A wizard (Lair:6)
  5 elephants (Lair:6)
  A manticore (D:11)
  A centaur zombie (D:12)
  4 black mambas
  A smoke demon (Lair:6)
  An orange demon (Lair:6)
  10 spiny frogs
  8 komodo dragons
  2 ice devils (Lair:6)
  2 red devils (Lair:6)
  4 trolls
  A polar bear (Lair:6)
  5 blink frogs (Lair:2)
  14 dream sheep (Lair:6)
  6 hippogriffs
  7 spriggans (D:8)
  6 wraiths
  26 yaks
  2 vampires (D:12)
  4 hogs (D:7)
  4 wyverns
  A human (D:7)
  2 hungry ghosts
  6 basilisks
  Menkaure (D:4)
  13 water moccasins
  4 hell hounds (Lair:6)
  13 porcupines
  3 black bears (D:10)
  2 ice beasts
  3 sky beasts
  9 orc warriors
  A swamp drake (D:12)
  A necrophage (D:9)
  7 phantoms
  4 wolves
  6 ogres
  4 centaurs
  9 crocodiles
  2 big kobolds
  18 bullfrogs
  An elf zombie (D:6)
  An elf skeleton (D:6)
  3 scorpions
  A howler monkey (D:8)
  An electric eel (Lair:4)
  3 crimson imps
  A gnoll shaman (D:5)
  2 bullfrog zombies (D:6)
  5 hounds
  A jelly (D:9)
  A quasit (D:4)
  7 orc priests
  2 human zombies (D:6)
  10 orc wizards
  A centaur skeleton (D:9)
  Jessica (D:2)
  2 iguanas
  8 hell rats
  4 worker ants
  A hound zombie (D:6)
  2 worker ant zombies (D:6)
  8 adders
  7 gnolls
  5 river rats (Lair:5)
  3 shadow imps
  4 oozes
  2 adder skeletons
  4 dart slugs
  A leopard gecko (D:8)
  48 orcs
  6 bats
  2 giant cockroaches
  7 goblins
  7 hobgoblins
  5 jackals
  5 quokkas
  A ball python (D:6)
  5 frilled lizards
  A jackal skeleton (D:4)
  13 kobolds
  A leopard gecko skeleton (D:6)
  An orc skeleton (D:6)
  14 rats
  A butterfly (Lair:2)
  A fungus (Lair:6)
  A plant (Lair:2)
446 creatures vanquished.

Vanquished Creatures (collateral kills)
  Joseph (D:7)
  A spiny frog (Lair:6)
  2 komodo dragons (Lair:6)
  A hippogriff (Lair:6)
  A snapping turtle (Lair:4)
  An ice beast (D:6)
  An orc warrior (D:6)
  4 ogres
  2 orc priests
  A bullfrog skeleton (D:4)
  A jelly (D:8)
  An orc wizard (D:6)
  An iguana (D:4)
  A human skeleton (D:6)
  2 worker ants (D:5)
  4 adders
  2 gnolls
  A leopard gecko (D:5)
  A giant cockroach (D:4)
  A quokka (D:4)
30 creatures vanquished.

Vanquished Creatures (others)
  Nessos (D:12)
  A dart slug (D:1)
  2 orcs (Orc:1)
  A bush (Lair:6)
  7 fungi
  4 plants (Lair:6)
16 creatures vanquished.

Grand Total: 492 creatures vanquished

Notes
Turn   | Place    | Note
-------+----------+-------------------------------------------
     0 | D:1      | Amnesiac the Spriggan Transmuter began the quest for the Orb.
     0 | D:1      | Reached XP level 1. HP: 9/9 MP: 5/5
   648 | D:1      | Reached XP level 2. HP: 6/14 MP: 4/7
   652 | D:1      | Learned a level 2 spell: Sticks to Snakes
  1219 | D:1      | Reached XP level 3. HP: 13/17 MP: 6/8
  1399 | D:2      | Noticed Jessica
  1451 | D:2      | Killed Jessica
  1986 | D:2      | Reached skill level 5 in Transmutations
  1986 | D:2      | Reached XP level 4. HP: 16/21 MP: 8/10
  2438 | D:3      | Found a snail-covered altar of Cheibriados.
  2582 | D:3      | Found a basalt altar of Yredelemnul.
  2945 | D:4      | Noticed an ogre
  2945 | D:4      | Noticed an ogre
  2948 | D:5      | Entered Level 5 of the Dungeon
  3105 | D:4      | HP: 1/21 [poisoned by an adder]
  3246 | D:4      | Found Yhukaak's Weapon Shoppe.
  3254 | D:4      | Reached XP level 5. HP: 24/25 MP: 8/12
  3261 | D:4      | Learned a level 5 spell: Blade Hands
  3290 | D:4      | Noticed an ice beast
  3307 | D:4      | Killed an ice beast
  3307 | D:4      | Reached skill level 5 in Spellcasting
  3698 | D:4      | Killed an ogre
  3698 | D:4      | Reached XP level 6. HP: 29/29 MP: 11/16
  4329 | D:4      | Noticed Menkaure
  4543 | D:6      | Reached XP level 7. HP: 15/32 MP: 11/18
  4757 | D:5      | Noticed a hippogriff
  5749 | D:6      | Reached skill level 1 in Fighting
  6044 | D:6      | Reached XP level 8. HP: 27/37 MP: 10/19
  6293 | D:5      | Found a white marble altar of Elyvilon.
  7166 | D:4      | Found Yhukaak's Weapon Shoppe.
  7403 | D:4      | Killed Menkaure
  7862 | D:5      | Killed a hippogriff
  7862 | D:5      | Reached skill level 5 in Dodging
  7862 | D:5      | Reached skill level 10 in Transmutations
  8570 | D:6      | Reached XP level 9. HP: 29/43 MP: 15/22
  9487 | D:7      | Noticed Joseph
  9945 | D:7      | Killed Joseph
  9945 | D:7      | Reached skill level 5 in Unarmed Combat
 10139 | D:7      | Found a staircase to the Ecumenical Temple.
 10151 | Temple   | Entered the Ecumenical Temple
 10386 | Temple   | Became a worshipper of Warmaster Okawaru
 10644 | D:7      | Reached * piety under Okawaru
 10796 | D:8      | Learned a level 1 spell: Confusing Touch
 10798 | D:8      | Learned a level 1 spell: Apportation
 11427 | D:8      | Reached ** piety under Okawaru
 11427 | D:8      | Reached XP level 10. HP: 17/49 MP: 19/24
 12728 | D:9      | Found a sacrificial altar of Ru.
 12970 | D:10     | Identified a paperback manual
 12970 | D:10     | Entered Level 10 of the Dungeon
 12987 | D:10     | Reached *** piety under Okawaru
 13001 | D:10     | Noticed Amnesiac's ghost (journeyman DEWz)
 13239 | D:10     | Found Wogeg's Jewellery Emporium.
 13304 | D:10     | Reached skill level 10 in Spellcasting
 13328 | D:10     | Reached skill level 5 in Fighting
 13554 | D:10     | Killed Amnesiac's ghost
 13554 | D:10     | Reached **** piety under Okawaru
 13554 | D:10     | Reached XP level 11. HP: 43/56 MP: 18/26
 13589 | D:10     | Found a staircase to the Lair.
 14010 | D:10     | Found a runed door.
 14010 | D:10     | Noticed a frost giant
 14010 | D:10     | Noticed a yaktaur captain
 14012 | D:10     | Noticed an ogre mage
 14012 | D:10     | Noticed a flayed ghost
 14012 | D:10     | Noticed a yaktaur captain
 14012 | D:10     | Noticed a frost giant
 14012 | D:10     | Noticed a catoblepas
 14012 | D:10     | Noticed a shock serpent
 14012 | D:10     | a swamp worm changed into a shock serpent
 14308 | Lair:1   | Entered Level 1 of the Lair of Beasts
 14386 | Lair:1   | Noticed Fannar
 14647 | Lair:1   | Reached skill level 10 in Dodging
 15403 | Lair:2   | Received a gift from Okawaru
 15482 | Lair:2   | Learned a level 4 spell: Ice Form
 15547 | Lair:2   | Learned a level 1 spell: Animate Skeleton
 15559 | Lair:2   | Reached ***** piety under Okawaru
 15638 | Lair:2   | Reached skill level 1 in Invocations
 15979 | Lair:2   | Found a hole to the Spider Nest.
 16531 | Lair:3   | Noticed a six-headed hydra
 16543 | Lair:3   | Killed a six-headed hydra
 16874 | Lair:3   | Noticed Nergalle
 16881 | Lair:3   | Noticed a spectral orc warlord
 16884 | Lair:3   | Killed Nergalle
 16884 | Lair:3   | Received a gift from Okawaru
 16884 | Lair:3   | Reached skill level 5 in Invocations
 16885 | Lair:3   | Got a slimy short sword {god gift}
 17310 | Lair:3   | Reached XP level 12. HP: 24/61 MP: 24/28
 17329 | Lair:3   | HP: 3/61 [poisoned by a black mamba]
 17334 | Lair:3   | HP: 3/61 [poisoned by a black mamba]
 17339 | Lair:3   | HP: 2/61 [poisoned by a black mamba]
 17344 | Lair:2   | HP: 2/61 [poisoned by a black mamba]
 17352 | Lair:2   | HP: 2/61 [poisoned by a black mamba]
 18297 | Lair:3   | Noticed a five-headed hydra
 18316 | Lair:3   | Killed a five-headed hydra
 18823 | Lair:4   | Found a staircase to the Shoals.
 19605 | Lair:4   | Noticed a fire dragon
 19632 | Lair:4   | Killed a fire dragon
 20266 | Lair:5   | Received a gift from Okawaru
 20415 | Lair:5   | Reached skill level 1 in Evocations
 20443 | Lair:5   | Found a staircase to the Slime Pits.
 20444 | Lair:5   | Found a viscous altar of Jiyva.
 20876 | Lair:6   | Entered Level 6 of the Lair of Beasts
 20899 | Lair:6   | Reached skill level 5 in Evocations
 21981 | Lair:6   | Reached XP level 13. HP: 36/65 MP: 22/29
 21990 | Lair:6   | Reached ****** piety under Okawaru
 22116 | Lair:6   | Received a gift from Okawaru
 22117 | Lair:6   | Got a shimmering hat {god gift}
 22125 | Lair:6   | Identified the +0 hat of Nobility {rF+ rC- rCorr Str+7} (Okawaru gifted it to you on level 6 of the Lair of Beasts)
 22472 | Lair:6   | Reached skill level 10 in Unarmed Combat
 22493 | Lair:6   | Noticed a dire elephant
 22775 | Lair:6   | Killed a dire elephant
 23260 | Lair:6   | Found a burning altar of Makhleb.
 23284 | Lair:6   | Reached skill level 10 in Evocations
 23773 | Lair:6   | Found a gateway to Hell.
 24224 | D:11     | Received a gift from Okawaru
 24864 | D:12     | Found Egietuw's Assorted Antiques.
 25135 | D:12     | Found a staircase to the Orcish Mines.
 26069 | D:12     | Noticed Nessos
 26082 | D:12     | Killed Nessos
 26383 | Orc:1    | Entered Level 1 of the Orcish Mines
 26399 | Orc:1    | Noticed Josephine
 26411 | Orc:1    | Killed Josephine
 26433 | Orc:1    | Noticed Urug
 26731 | Orc:1    | Slain by Urug

Vault maps used:
D:1:      shiori_arrival_oz
D:2:      uniq_jessica
D:3:      yredelemnul_altar_generic, first_ration, kennysheep_slug_shrine
D:4:      serial_shops, shop, uniq_menkaure
D:5:      basic_altar, kennysheep_generic_room_14
D:6:      minmay_opposing_rooms, nicolae_ossuary_entry_catacombs
D:7:      temple_fountains, serial_corexii_hall, corexii_hall_statues_u,
          corexii_hall_statues_s, grunt_livestock, uniq_joseph
D:8:      kb_forest_paths
D:9:      nicolae_ru_path_of_blood
D:10:     minmay_gate_of_8, minmay_lair_entry_grove, serial_shops,
          nicolae_shop_stone
D:12:     erik_orc_1, serial_shops, nicolae_shop_statue_plus, uniq_nessos
Temple:   nicolae_temple_the_god_donut
Lair:1:   serial_forest, infiniplex_forest_corner_1,
          infiniplex_forest_clump_medium, infiniplex_forest_clump_C,
          infiniplex_forest_straight_4, infiniplex_forest_clump_small,
          infiniplex_forest_clump_double, infiniplex_forest_lined_3,
          lemuel_fruit_tree, lemuel_fruit_fields, uniq_fannar
Lair:2:   dummy_spider_entry, lemuel_fruit_fields, serial_bayou_shore_b
Lair:3:   nzn_random_ring, uniq_nergalle
Lair:4:   dragon1_lemuel, minmay_shoals_entry_hut
Lair:5:   slime_altar_1, kennysheep_rathole
Lair:6:   evil_forest
Orc:1:    uniq_urug, uniq_josephine

Skill      XL: |  1  2  3  4  5  6  7  8  9 10 11 12 13 |
---------------+----------------------------------------+-----
Transmutations | 3 4 5 6 7 9 10 | 10.0
Spellcasting   | 3 4 6 7 8 9 10 11 12 | 12.4
Fighting       | 1 2 4 5 6 7 |  7.5
Unarmed Combat | 4 6 8 9 11 | 11.0
Dodging        | 5 7 9 10 11 12 | 12.6
Invocations    | 6 8 |  8.0
Evocations     | 9 10 | 10.7

Action                   |  1- 3 |  4- 6 |  7- 9 | 10-12 | 13-15 || total
-------------------------+-------+-------+-------+-------+-------++-------
Melee: Unarmed           |   127 |   187 |   303 |   574 |   323 ||  1514
       Kick              |    25 |     7 |    13 |     4 |       ||    49
       Headbutt          |     7 |    10 |     7 |     1 |       ||    25
       Punch             |     1 |     1 |     3 |    15 |    20 ||    40
       Staff             |       |       |       |       |     5 ||     5
 Cast: Beastly Appendage |    22 |    25 |    17 |    13 |     6 ||    83
       Sticks to Snakes  |     2 |    39 |    33 |     8 |    12 ||    94
       Blade Hands       |       |     1 |    28 |    79 |    34 ||   142
       Animate Skeleton  |       |       |       |     3 |       ||     3
       Ice Form          |       |       |       |     2 |     1 ||     3
       Confusing Touch   |       |       |       |     1 |       ||     1
Invok: Heroism           |       |       |     1 |     8 |     2 ||    11
 Abil: End Transformatio |       |       |       |       |     2 ||     2
  Use: Scroll            |       |     9 |     7 |     6 |     1 ||    23
       Potion            |       |     3 |     1 |     2 |     1 ||     7
 Stab: Sleeping          |       |     1 |     1 |       |       ||     2
       Distracted        |       |     1 |       |     2 |     1 ||     4
       Confused          |       |       |       |     2 |       ||     2
  Eat: Ration            |       |     2 |     8 |    17 |     7 ||    34
Armor: Robe              |    10 |    16 |    10 |    26 |    13 ||    75
       Skin              |       |       |       |     6 |     1 ||     7
Dodge: Dodged            |    98 |   166 |   260 |   490 |   311 ||  1325
Block: Other             |       |       |       |    16 |    54 ||    70
       Reflection        |       |       |       |       |     1 ||     1

Table legend:
 A = Spawn XP
 B = Non-spawn XP
 C = Spawn XP percentage of total XP
 D = Spawn monster count
 E = Non-spawn monster count
 F = Spawn count percentage of total count
 G = Total turns spent on level
                    A         B        C        D         E        F      G
               +---------+---------+-------+---------+---------+-------+---------
         Total |       0 |   63707 |   0.0 |       0 |     474 |   0.0 | 26731
               +---------+---------+-------+---------+---------+-------+---------
           D:1 |       0 |      42 |   0.0 |       0 |      23 |   0.0 |   936
           D:2 |       0 |      82 |   0.0 |       0 |      21 |   0.0 |  1420
           D:3 |       0 |      32 |   0.0 |       0 |      11 |   0.0 |   756
           D:4 |       0 |     707 |   0.0 |       0 |      22 |   0.0 |  2705
           D:5 |       0 |     627 |   0.0 |       0 |      21 |   0.0 |   999
           D:6 |       0 |    1448 |   0.0 |       0 |      35 |   0.0 |  2807
           D:7 |       0 |    1730 |   0.0 |       0 |      14 |   0.0 |   955
           D:8 |       0 |    2640 |   0.0 |       0 |      27 |   0.0 |  1331
           D:9 |       0 |    1210 |   0.0 |       0 |      19 |   0.0 |  1040
          D:10 |       0 |    3818 |   0.0 |       0 |      32 |   0.0 |  1154
          D:11 |       0 |    3106 |   0.0 |       0 |      14 |   0.0 |   962
          D:12 |       0 |    5039 |   0.0 |       0 |      46 |   0.0 |  1535
        Lair:1 |       0 |     726 |   0.0 |       0 |       6 |   0.0 |   757
        Lair:2 |       0 |    4020 |   0.0 |       0 |      19 |   0.0 |  1891
        Lair:3 |       0 |    8576 |   0.0 |       0 |      28 |   0.0 |  1862
        Lair:4 |       0 |    2409 |   0.0 |       0 |      13 |   0.0 |  1512
        Lair:5 |       0 |    2390 |   0.0 |       0 |      21 |   0.0 |   939
        Lair:6 |       0 |   22047 |   0.0 |       0 |      74 |   0.0 |  2847
         Orc:1 |       0 |    3058 |   0.0 |       0 |      28 |   0.0 |    76
               +---------+---------+-------+---------+---------+-------+---------
